AoeStats
← Dolph

Arabia

505580805Analyzed
1v1 RM · 22d ago on Sep 10, 2026· 25m 23s· 2 players
Game mode
Random Map
Map size
Tiny (2 player)
Population
200
Speed
Normal
Resources
Standard
Victory
Conquest
Starting age
Dark Age
Ending age
Imperial Age
RankedLock teamsTeams togetherTeam positionsShared explorationLock speedFull tech treeHidden civsTurbo modeCheats
Victory
Defeat
🇨🇱 Malay · Chile
1134
+16
🇨🇱 Mongols · Chile
1140
-16
feloh10
4:11 Loom
11:02 Feudal Age
11:05 Double-Bit Axe
16:14 Fletching
23:15 Castle Age
22:12 Scale Barding Armor
22:11 Padded Archer Armor
23:15 Crossbowman
24:42 Husbandry
Dolph
9:10 Feudal Age
9:42 Double-Bit Axe
16:53 Loom
20:07 Castle Age
Connection lost

Rejoining the realm…

Still unreachable

The connection could not be restored.

Session expired

The server has moved on; the page needs a fresh start.